 Dungeon Crawl Stone Soup version 0.28-a0-1087-gf3fc490d9d (webtiles) character file.

Game seed: 2837144444290186383

386 mainiacjoe the Ducker (level 6, -1/32 HPs)
             Began as a Spriggan Arcane Marksman on Dec 10, 2021.
             Killed from afar by an orc wizard (6 damage)
             ... with a puff of flame
             ... on level 5 of the Dungeon.
             The game lasted 00:11:16 (4978 turns).

mainiacjoe the Ducker (Spriggan Arcane Marksman)    Turns: 4978, Time: 00:11:17

Health: -1/32      AC:  2    Str:  8    XL:     6   Next: 48%
Magic:  9/9        EV: 19    Int: 15    God:
Gold:   139        SH:  0    Dex: 15    Spells: 6/7 levels left

rFire   . . .      SeeInvis +   a - +2 short sword (venom)
rCold   . . .      Faith    .   (shield restricted)
rNeg    . . .      Spirit   .   d - +0 robe
rPois   .          Reflect  .   (helmet restricted)
rElec   .          Harm     .   (no cloak)
rCorr   .          Rampage  .   (gloves unavailable)
Will    +....                   (boots unavailable)
Stlth   +++.......              (no amulet)
HPRegen 0.10/turn               (no ring)
MPRegen 0.11/turn               (no ring)

@: very quick
A: very small, no large weapons, unfitting armour, see invisible, speed 3
a: no special abilities


You were on level 5 of the Dungeon.
You visited 1 branch of the dungeon, and saw 5 of its levels.

You collected 139 gold pieces.

Inventory:

Hand Weapons
 a - a +2 short sword of venom (weapon)
 b - a +0 hand crossbow
 f - a +0 club
 n - a +0 dagger
 q - a +2 whip of holy wrath
 w - a +2 whip of electrocution
Missiles
 c - 13 bolts
 k - 2 boomerangs (quivered)
 l - 164 stones
 p - a throwing net {=F}
 r - 19 poisoned darts
Armour
 d - a +0 robe (worn)
Jewellery
 m - an amulet of faith
Scrolls
 e - a scroll of teleportation {unknown}
 i - a scroll of noise {unknown}
 t - a scroll of blinking {unknown}
Potions
 g - a potion of curing
 h - 2 potions of lignification
 j - 3 potions of flight
 o - a potion of brilliance
 s - a potion of magic {unknown}


   Skills:
 + Level 3.1 Fighting
 - Level 2.0 Crossbows
 - Level 5.0 Dodging
 - Level 5.0 Stealth
 - Level 1.4 Spellcasting
 - Level 5.0 Hexes


You had 6 spell levels left.
You knew the following spells:

 Your Spells              Type           Power      Damage    Failure   Level
a - Slow                  Hex            64%        N/A       3%          1

Your spell library contained the following spells:

 Spells                   Type           Power      Damage    Failure   Level
 Inner Flame              Hex/Fire       8%         N/A       26%         3
 Portal Projectile        Hex/Tloc       16%        N/A       26%         3
 Cause Fear               Hex            8%         N/A       30%         4
 Gell's Gravitas          Tloc           1%         N/A       56%         3
 Lesser Beckoning         Tloc           1%         N/A       56%         3
 Teleport Other           Tloc           1%         N/A       56%         3


Dungeon Overview and Level Annotations

Branches:
Dungeon (5/15)
 Temple: D:4-7

Altars:
Fedhas
Gozag
Wu Jian

Annotations:
D:4 Grinder
D:5 Dowan, Duvessa


Innate Abilities, Weirdness & Mutations

You are very small and have problems with some larger weapons.
You are too small for most types of armour.
You have supernaturally acute eyesight. (SInv)
You cover ground extremely quickly. (Speed+++)


Message History

The helpless orc fails to defend itself.
You puncture the orc!
You kill the orc!
The orc shouts!
The orc priest shouts!
The iguana hisses angrily.
The orc priest invokes the aid of Beogh against you.
Beogh smites you!
* * * LOW HITPOINT WARNING * * *
You hear a shout!
Found a twisted sapphire amulet.
An ogre comes into view. It is wielding a +0 giant club.
Found a ring mail and 2 fuming emerald potions.
The ogre shouts!
You see here 14 sling bullets.
Found a cyan potion.
Found an ornate altar of the Wu Jian Council.
A hound comes into view.
A gnoll comes into view. It is wielding a +0 whip.
Found a potion of flight.
A gnoll and a gnoll shaman come into view.
The gnoll shaman shouts!
A gnoll comes into view. It is wielding a +0 flail.
A gnoll comes into view. It is wielding a +0 halberd.
A hound comes into view.
The gnoll shouts! x2
The gnoll shouts!
The hound barks!
The orc priest shouts!
You hear a shout!
You see here a cyan potion.
The hound stops to sniff the ground.
An orc comes into view. It is wielding a +0 club.
The hound barks!
You hear a shout! x3
You see here a potion of flight.
Found a yellow potion.
The hound completely misses you.
Duvessa and Dowan come into view.
Duvessa is wielding a +0 short sword and wearing a +2 leather armour of poison resistance.
Dowan is wielding a +0 dagger and wearing a +1 robe of willpower.
Found a stone staircase leading down.
The orc wizard shouts!
The orc wizard casts a spell at you. The puff of flame hits you.
You die...

######## ########......#
######..!g....h.@..#
.......oP.PPPPP.Pe......
...g.h#.P.......Pe......
...gh.#.P.P...P.P...>...
....oO#oP.P._.P.P.......
.g...O#.P.P...P.P.......
....l...P.......P.......
.!...o..PoPPPPP.P.......
................


You could see Duvessa, Dowan, a hound, an orc wizard and a gnoll.

Vanquished Creatures
  A kobold brigand (D:4)
  A scorpion (D:4)
  A howler monkey (D:4)
  2 orc wizards (D:4)
  A hound skeleton (D:4)
  5 gnolls
  4 adders
  An adder skeleton (D:4)
  2 worms
  4 orcs
  5 endoplasms
  A giant cockroach (D:1)
  3 goblins
  7 hobgoblins
  2 quokkas (D:2)
  8 ball pythons
  7 bats
  4 frilled lizards
  7 kobolds
  3 rats
69 creatures vanquished.

Vanquished Creatures (others)
  A plant (D:3)
1 creature vanquished.

Grand Total: 70 creatures vanquished

Notes
Turn   | Place    | Note
-------+----------+-------------------------------------------
     0 | D:1      | mainiacjoe the Spriggan Arcane Marksman began the quest for
                  | the Orb.
     0 | D:1      | Reached XP level 1. HP: 9/9 MP: 3/3
   195 | D:1      | Reached skill level 1 in Stealth
   310 | D:1      | Reached XP level 2. HP: 14/14 MP: 5/5
  1433 | D:2      | Reached XP level 3. HP: 17/17 MP: 6/6
  1955 | D:2      | Reached XP level 4. HP: 16/21 MP: 7/7
  2511 | D:3      | Found an opulent altar of Gozag.
  2573 | D:3      | HP: 1/21 [gnoll shaman (4)]
  3521 | D:3      | Reached skill level 5 in Dodging
  3720 | D:3      | Reached skill level 1 in Fighting
  4078 | D:4      | Noticed Grinder
  4153 | D:4      | Reached skill level 5 in Stealth
  4315 | D:4      | Reached XP level 5. HP: 25/25 MP: 8/8
  4471 | D:4      | Found a blossoming altar of Fedhas.
  4521 | D:4      | Reached XP level 6. HP: 15/31 MP: 9/9
  4771 | D:4      | Reached skill level 5 in Hexes
  4931 | D:4      | Noticed an orc warrior
  4934 | D:5      | Entered Level 5 of the Dungeon
  4946 | D:5      | Found an ornate altar of the Wu Jian Council.
  4974 | D:5      | Noticed Duvessa
  4974 | D:5      | Noticed Dowan
  4978 | D:5      | Killed from afar by an orc wizard

Illustrated notes

Levels and vault maps discovered:
D:1:      dpeg_arrival_long_road, layout_basic, chequers_serial_rivers_micro_e,
          minmay_hedge_maze
D:2:      layout_basic
D:3:      layout_loops_cross, grunt_gozag_statues, serial_park_tiny_pond,
          nicolae_grassy_gnolls
D:4:      layout_gridville, fedhas_ov_isle_minmay, uniq_grinder
D:5:      layout_rooms, mainiacjoe_overflow_cross_hatched,
          nicolae_elemental_shop, uniq_sigmund, uniq_duvessa

Skill      XL: |  1  2  3  4  5  6 |
---------------+-------------------+-----
Dodging        | 3 4 5 |  5.0
Stealth        | 1 2 3 5 |  5.0
Fighting       | 1 2 3 |  3.1
Hexes          | 4 5 |  5.0
Crossbows      | |  2.0
Spellcasting   | |  1.4

Action                   |  1- 3 |  4- 6 || total
-------------------------+-------+-------++-------
Melee: Dagger            |    43 |       ||    43
       Club              |     3 |       ||     3
       Whip              |    30 |    26 ||    56
       Short sword       |       |    39 ||    39
 Fire: Hand crossbow     |    20 |    19 ||    39
Throw: Boomerang         |    71 |    38 ||   109
 Cast: Slow              |     9 |    11 ||    20
  Use: Scroll            |     3 |     1 ||     4
 Stab: Sleeping          |     2 |     6 ||     8
Armor: Robe              |    14 |     8 ||    22
Dodge: Dodged            |    78 |    59 ||   137

Table legend: (Time is in decaauts)
 A = Elapsed time spent in this place.
 B = Non-inter-level travel time spent in this place.
 C = Inter-level travel time spent in this place.
 D = Time resting spent in this place.
 E = Time spent auto-exploring this place.
 F = Levels seen in this place.
 G = Mean time per level.
                   A        B        C        D        E       F      G
               +--------+--------+--------+--------+--------+-----+--------+
         Total |   4016 |   3939 |     77 |   1450 |   1749 |   5 |  803.2 |
       Dungeon |   4016 |   3939 |     77 |   1450 |   1749 |   5 |  803.2 |
               +--------+--------+--------+--------+--------+-----+--------+

Top non-repeatable levels by time:
     D:2: 1295 daAuts
     D:1: 1272 daAuts
     D:3: 762 daAuts
     D:4: 659 daAuts
     D:5: 26 daAuts
